 Dungeon Crawl Stone Soup version 0.30.1-11-g7821555f0a (webtiles) character file.

Game seed: 15974400450270762987

217 pkoi the Insei (level 5, 0/45 HPs)
             Began as a Draconian Monk on Nov 13, 2023.
             Was a High Priest of Cheibriados.
             Slain by a gnoll
             ... wielding a +0 halberd
              (8 damage)
             ... on level 4 of the Dungeon.
             The game lasted 00:03:08 (2590 turns).

pkoi the Insei (Draconian Monk)                     Turns: 2590, Time: 00:03:09

Health: 0/45       AC:  6    Str: 24 (25) XL:     5   Next: 62%
Magic:  7/7        EV: 14    Int: 25      God:    Cheibriados [*****.]
Gold:   171        SH:  0    Dex: 26 (27) Spells: 4/4 levels left

rFire   x .          .
                       - Unarmed
rCold   . . .        b - orb {light}
rNeg    . . .        (body armour unavailable)
rPois   .            (helmet restricted)
rElec   .            f - +0 cloak
rCorr   +            (no gloves)
SInv    .            (no boots)
Will    .....        (no amulet)
Stlth   ++           e - ring of resist corrosion
HPRegen 0.27/turn    (no ring)
MPRegen 0.10/turn

%: no passive effects
@: glowing, very slow
A: AC +5, unfitting armour, cold-blooded, thin skeletal structure 1, high MP 1,
heat vulnerability 1
a: Renounce Religion, Bend Time, Temporal Distortion, Slouch, Step From Time


You were on level 4 of the Dungeon.
You worshipped Cheibriados.
Cheibriados was extremely pleased with you.
You visited 1 branch of the dungeon, and saw 4 of its levels.

You collected 171 gold pieces.

Inventory:

Hand Weapons
 o - a +0 quarterstaff
Armour
 b - an orb of light (worn)
 f - a +0 cloak (worn)
Jewellery
 d - a ring of ice
 e - a ring of resist corrosion (left hand)
 h - an amulet of magic regeneration
Wands
 g - a wand of mindburst (12)
Scrolls
 i - 3 scrolls of identify
 k - a scroll of fear {unknown}
Potions
 a - 2 potions of ambrosia
 c - a potion of mutation
 j - a potion of lignification


   Skills:
 - Level 3.2 Fighting
 - Level 2.6 Dodging
 * Level 5.6 Unarmed Combat
 + Level 3.0 Invocations


You had 4 spell levels left.
You didn't know any spells.
Your spell library was empty.

Dungeon Overview and Level Annotations

Branches:
Dungeon (4/15)
 Temple: D:4-7

Altars:
Cheibriados

Annotations:
D:4 Grinder


Innate Abilities, Weirdness & Mutations

Your plain brown scales are hard. (AC +5)
You cannot fit into any form of body armour.
You are cold-blooded and may be slowed by cold attacks.
You have a somewhat thin skeletal structure. (Dex +2, Stealth+)
You have an increased reservoir of magic. (+10% MP)
You are vulnerable to heat. (rF-)


Message History

You kill the jackal!
Cheibriados appreciates the change of pace.
The gnoll barely misses you. The gnoll closely misses you.
Things that are here:
a jackal corpse; a ball python corpse; a jackal corpse You hit the gnoll.
The gnoll is heavily wounded.
The gnoll hits you from afar with a +0 halberd!
The gnoll barely misses you.
You hit the gnoll.
The gnoll is severely wounded.
Grinder blinks!
The gnoll barely misses you.
The gnoll hits you with a +0 vampiric whip.
The gnoll draws strength from your wounds!
You barely miss the gnoll.
The gnoll is severely wounded.
Grinder blinks!
The gnoll closely misses you.
The gnoll hits you with a +0 vampiric whip.
You hit the gnoll.
You kill the gnoll!
Cheibriados thoroughly appreciates the change of pace.
The gnoll hits you from afar with a +0 halberd!
Your Invocations skill increases to level 3!
Unknown command.
You hit the gnoll.
The gnoll is lightly wounded.
You barely miss the gnoll.
The gnoll is lightly wounded.
The gnoll closely misses you.
The gnoll hits you from afar with a +0 halberd.
You barely miss the gnoll.
The gnoll is lightly wounded.
The gnoll closely misses you.
The gnoll hits you from afar with a +0 halberd!
* * * LOW HITPOINT WARNING * * *
Unknown command.
The gnoll barely misses you.
The gnoll hits you from afar with a +0 halberd!
You die...

#..#......###......###
#....######### #......#
#..#.. ...# #......# ##....#
#.. #......# ..#..# #..
#......# . ##...#
#.####......# S.## #....##
#...###.[#### >..h
#....J#######.###..#
####..#.†..5gg@...[...#..###
#...J...#.#####..#..#......##
5g####..#.# ##.........#..###
#..#.# ##..............
#....# #.#.####.##..## #....#
#.#.......##..# #....#
#.#####........ #....# ..#
######... #....# #..#


You could see Grinder, a jelly and 2 gnolls.

Vanquished Creatures
  An orc priest (D:3)
  An iguana (D:4)
  A gnoll (D:4)
  3 adders
  A shadow imp (D:3)
  An ufetubus (D:4)
  2 worms
  4 dart slugs
  12 orcs
  7 ball pythons
  5 bats
  7 endoplasms
  2 giant cockroaches
  6 goblins
  9 hobgoblins
  6 jackals
  2 quokkas
  2 frilled lizards (D:3)
  6 kobolds
  4 rats
82 creatures vanquished.

Notes
Turn   | Place    | Note
-------+----------+-------------------------------------------
     0 | D:1      | pkoi the Draconian Monk began the quest for the Orb.
     0 | D:1      | Reached XP level 1. HP: 19/19 MP: 1/1
     0 | D:1      | Found a faded altar of an unknown god.
    41 | D:1      | Prayed at the altar of an unknown god.
    41 | D:1      | Became a worshipper of Cheibriados the Contemplative
    41 | D:1      | Reached * piety under Cheibriados
    41 | D:1      | Reached ** piety under Cheibriados
   123 | D:1      | Reached XP level 2. HP: 26/26 MP: 2/2
   241 | D:1      | Reached *** piety under Cheibriados
   489 | D:1      | Reached skill level 4 in Unarmed Combat
   534 | D:1      | Reached XP level 3. HP: 25/31 MP: 3/3
   626 | D:1      | Reached skill level 1 in Invocations
  1063 | D:2      | Reached **** piety under Cheibriados
  1565 | D:3      | Reached XP level 4. HP: 38/38 MP: 5/5
  1809 | D:3      | Reached ***** piety under Cheibriados
  1840 | D:3      | Reached skill level 5 in Unarmed Combat
  1892 | D:3      | Reached XP level 5. HP: 45/45 MP: 6/6
  1892 | D:3      | Gained mutation: You are vulnerable to heat. (rF-) [potion
                  | of mutation]
  1892 | D:3      | Gained mutation: You have a somewhat thin skeletal
                  | structure. (Dex +2, Stealth+) [potion of mutation]
  1892 | D:3      | Gained mutation: You have an increased reservoir of magic.
                  | (+10% MP) [potion of mutation]
  2221 | D:3      | Noticed an ogre
  2567 | D:4      | Noticed Grinder
  2590 | D:4      | Slain by a gnoll

Illustrated notes

Levels and vault maps discovered:
D:1:      wander_arrival_peaceful_grave, layout_loops_ring,
          dreamdust_ecumenical_altar_statues
D:2:      layout_loops_ring, item_on_display_a
D:3:      layout_basic
D:4:      layout_rooms, nicolae_ru_path_of_blood, uniq_grinder

Skill      XL: |  1  2  3  4  5 |
---------------+----------------+-----
Unarmed Combat | 4 5 |  5.6
Invocations    | 1 2 3 |  3.0
Fighting       | |  3.2
Dodging        | |  2.6

Action                     |  1- 3 |  4- 6 || total
---------------------------+-------+-------++-------
  Melee: Unarmed           |   101 |    88 ||   189
         Tailslap          |    17 |    10 ||    27
    Use: Scroll            |     3 |     3 ||     6
         Potion            |       |     6 ||     6
   Stab: Sleeping          |     1 |       ||     1
 Armour: Skin              |    28 |    26 ||    54
  Dodge: Dodged            |    73 |    80 ||   153
